Map: 2000 Atmospheres LE

Players

A.I. 1 (Very Easy)

  • Race: Zerg Zerg

Jaedolph - Winner!

  • Race: Terran Terran
  • League: Master

VOD

Have the link to the VOD?

Description

Time

  • Played on: March 17, 2022, 11:43 p.m.
  • Length: 8:31
Show
View Real Time Build Order
Export as new Build Order

A.I. 1 (Very Easy) Zerg 

Build Orders: Pool First 

Get SALT Encoding   

  12  0:01  Drone  
  13  0:12  Overlord  
  13  0:16  Drone  
  14  0:35  Spawning Pool  
  13  0:37  Extractor  
  13  0:39  Drone  
  13  0:47  Drone  
  14  0:52  Overlord  
  14  1:22  Zergling x2  
  14  1:24  Queen  
  17  1:30  Roach Warren  
  16  1:33  Drone  
  16  1:39  Extractor  
  16  1:42  Drone  
  16  1:43  Zergling x2  
  18  1:55  Drone  
  19  2:04  Zergling x2  
  19  2:06  Drone  
  21  2:16  Drone  
  22  2:27  Drone  
  23  2:30  Overlord  
  23  2:34  Drone  
  24  2:41  Drone  
  25  4:16  Drone  
  25  5:29  Zergling x2  
  25  6:04  Lair, Drone, Overlord  
  26  6:09  Roach  
  26  6:11  Drone  
  29  6:18  Drone  
  30  6:25  Drone  
  31  6:33  Drone  
  29  6:40  Drone  
  30  6:49  Roach  
  32  7:01  Overseer x2  
  32  7:12  Hatchery  
  31  7:29  Roach  
  33  8:02  Zergling x2  
  30  8:06  Drone  
  17  8:13  Drone  
Show
View Real Time Build Order
Export as new Build Order

Jaedolph Terran - Winner!

Build Orders: Reaper Expand, Hellion Banshee 

Get SALT Encoding   

  12  0:00  SCV  
  13  0:12  SCV  
  14  0:17  Supply Depot  
  14  0:24  SCV  
  15  0:38  SCV  
  15  0:40  Barracks  
  16  0:43  Refinery  
  16  0:50  SCV  
  17  1:03  SCV  
  18  1:15  SCV  
  19  1:27  Orbital Command, Reaper  
  20  1:41  Command Center  
  20  1:48  Supply Depot  
  20  1:52  SCV  
  21  2:01  Marine  
  21  2:04  SCV  
  23  2:12  Factory  
  23  2:16  SCV  
  23  2:22  Barracks Reactor  
  24  2:28  SCV  
  25  2:39  Command Center  
  25  2:40  SCV  
  26  2:53  Orbital Command, SCV  
  27  2:59  Starport  
  27  3:07  Refinery  
  27  3:08  Hellion  
  31  3:12  Hellion  
  31  3:14  SCV  
  31  3:19  Barracks Tech Lab  
  32  3:20  SCV  
  33  3:27  SCV  
  33  3:33  Hellion  
  33  3:34  Hellion  
  38  3:40  SCV  
  39  3:44  SCV  
  39  3:47  Cloaking Field  
  40  3:52  SCV  
  40  3:54  Orbital Command, Hellion  
  40  3:55  Hellion  
  45  3:58  Banshee  
  45  4:00  SCV  
  49  4:04  SCV  
  49  4:09  Supply Depot  
  50  4:12  SCV  
  50  4:16  SCV  
  52  4:17  Orbital Command  
  52  4:22  Barracks Tech Lab  
  52  4:26  SCV, Factory Reactor  
  52  4:31  SCV, Barracks  
  54  4:33  Supply Depot  
  54  4:36  Barracks  
  54  4:38  SCV  
  55  4:43  SCV  
  56  4:46  Engineering Bay x2, SCV  
  56  4:48  Refinery  
  56  4:51  Banshee  
  60  4:54  Refinery, Stimpack  
  60  4:57  SCV  
  60  4:59  Supply Depot  
  61  5:01  SCV x2  
  63  5:08  Marine  
  63  5:09  SCV  
  63  5:12  Terran Infantry Weapons Level 1  
  63  5:13  SCV  
  66  5:15  SCV  
  66  5:21  Marine x2  
  67  5:22  SCV  
  67  5:25  SCV  
  71  5:31  SCV  
  72  5:36  SCV  
  72  5:39  Marine x2, SCV  
  72  5:40  Barracks  
  72  5:41  Marine x2, Barracks  
  78  5:44  SCV  
  78  5:45  Starport Reactor, Terran Infantry Armor Level 1  
  78  5:47  Marine  
  78  5:48  Siege Tank, SCV  
  84  5:51  SCV  
  84  5:52  Refinery  
  84  5:55  Supply Depot  
  84  5:57  Supply Depot x2  
  85  6:16  Marine x5  
  85  6:17  SCV x3  
  93  6:19  Supply Depot  
  93  6:20  Siege Tank  
  93  6:25  Supply Depot  
  96  6:26  Medivac x2  
  96  6:29  SCV x3  
  105  6:33  Barracks Reactor x2  
  105  6:34  Marine x3  
  105  6:38  Marine  
  107  6:41  SCV x3  
  107  6:43  Supply Depot  
  110  6:47  Supply Depot  
  110  6:51  Marine  
  110  6:52  Marine x3  
  110  6:53  SCV x3  
  117  6:55  Marine  
  118  7:05  Factory  
  118  7:06  Siege Tank, Supply Depot  
  118  7:07  Medivac x2  
  125  7:09  Marine  
  125  7:10  Marine x3  
  125  7:15  Armory  
  129  7:19  Marine x3  
  129  7:20  Marine x2  
  129  7:22  SCV x2  
  136  7:26  Marine  
  136  7:27  SCV  
  136  7:28  Marine x3  
  141  7:33  Barracks  
  141  7:34  SCV, Barracks, Command Center  
  141  7:35  SCV  
  143  7:39  SCV, Barracks  
  143  7:42  Marine x5  
  143  7:43  Refinery  
  149  7:53  Factory Reactor  
  149  8:08  Marine  
  149  8:14  Supply Depot  
  149  8:15  Supply Depot  
  149  8:16  Supply Depot  
  149  8:17  Supply Depot x2  
Tags
 
Add a new tag
Caveats
  • Supply blocks, unpowered buildings, or Contaminate may cause inaccurate times.
  • Supply counts are checked every 10 seconds.